 Dungeon Crawl Stone Soup version 0.29-a0-477-g62b78b4225 (webtiles) character file.

Game seed: 1429444427535225151

9878 Infinimo the Basher (level 11, -11/126 HPs)
             Began as an Ogre Gladiator on May 25, 2022.
             Was a High Priest of Okawaru.
             Mangled by a tengu warrior
             ... wielding a +0 bardiche
              (12 damage)
             ... on level 13 of the Dungeon.
             The game lasted 00:13:30 (16116 turns).

Infinimo the Basher (Ogre Gladiator)               Turns: 16116, Time: 00:13:31

Health: -11/126    AC: 29    Str: 20    XL:     11   Next: 53%
Magic:  11/11      EV:  6    Int: 13    God:    Okawaru [*****.]
Gold:   572        SH:  0    Dex: 10    Spells: 10/10 levels left

rFire   . . .      SeeInvis .   x - +0 giant club (protect)
rCold   + . .      Faith    .   (shield currently unavailable)
rNeg    . . .      Spirit   .   o - +10 storm dragon scales of Nemelex Xobeh's Favour {rElec rC+}
rPois   +          Reflect  .   c - +0 hat
rElec   +          Harm     .   (no cloak)
rCorr   .          Rampage  .   (gloves unavailable)
Will    +....                   (boots unavailable)
Stlth   ..........              (no amulet)
HPRegen 0.31/turn               f - ring of poison resistance
MPRegen 0.12/turn               (no ring)

@: under a protective aura, on berserk cooldown, slowed, very slow
A: large, unfitting armour, tough skin 1
a: Renounce Religion, Heroism, Finesse, Duel


You were on level 13 of the Dungeon.
You worshipped Okawaru.
Okawaru was extremely pleased with you.
You visited 2 branches of the dungeon, and saw 13 of its levels.

You collected 572 gold pieces.

Inventory:

Hand Weapons
 a - a +0 flail
 x - a +0 giant club of protection (weapon)
Missiles
 d - 4 throwing nets (quivered)
 e - a large rock
Armour
 b - a +0 robe
 c - a +0 hat (worn)
 o - the +10 storm dragon scales of Nemelex Xobeh's Favour (worn) {rElec rC+}
   (You acquired it on level 7 of the Dungeon)

   rC:        It protects you from cold.
   rElec:     It insulates you from electricity.
Jewellery
 f - a ring of poison resistance (left hand)
 s - an amulet of regeneration
 u - an amulet of reflection
 y - a ring of ice
 A - a +6 ring of strength
Wands
 w - a wand of mindburst (10)
Scrolls
 k - a scroll of teleportation
 l - a scroll of torment
 r - 3 scrolls of poison
 z - 4 scrolls of identify
 C - a scroll of magic mapping
 D - a scroll of enchant armour {unknown}
 F - a scroll of amnesia {unknown}
 G - a scroll of silence {unknown}
Potions
 g - 2 potions of mutation
 h - 13 potions of curing
 i - 3 potions of heal wounds
 j - 2 potions of invisibility {unknown}
 m - 4 potions of brilliance
 n - a potion of resistance {unknown}
 p - 2 potions of berserk rage
 q - 3 potions of magic
 t - 3 potions of lignification {unknown}
 v - a potion of might {unknown}
 B - 2 potions of attraction {unknown}
 E - a potion of flight {unknown}


   Skills:
 + Level 12.9 Fighting
 * Level 13.0 Maces & Flails
 - Level 2.0 Throwing
 + Level 4.2 Armour
 - Level 2.6 Dodging


You had 10 spell levels left.
You didn't know any spells.
Your spell library contained the following spells:

 Spells                   Type           Power      Damage    Failure   Level
 Beastly Appendage        Tmut           0%         N/A       97%         1
 Foxfire                  Conj/Fire      0%         2x1d4     97%         1
 Sandblast                Erth           0%         2d4       97%         1
 Shock                    Conj/Air       0%         1d3       97%         1
 Passwall                 Tmut/Erth      0%         N/A       99%         2
 Sublimation of Blood     Necr           0%         N/A       99%         2
 Wereblood                Tmut           0%         N/A       99%         2
 Conjure Flame            Conj/Fire      0%         6-21      100%        3
 Inner Flame              Hex/Fire       0%         N/A       100%        3
 Spider Form              Tmut/Pois      0%         N/A       100%        3
 Stone Arrow              Conj/Erth      0%         3d7       100%        3
 Swiftness                Air            0%         N/A       100%        3
 Airstrike                Air            0%         N/A       100%        4
 Flame Wave               Conj/Fire      0%         2d4       100%        4
 Petrify                  Tmut/Erth      0%         N/A       100%        4
 Irradiate                Conj/Tmut      0%         3d13      100%        5


Dungeon Overview and Level Annotations

Branches:
Dungeon (13/15)            Temple (1/1) D:6            Lair (0/6) D:10
    Orc (0/2) D:9
 Vaults: D:13-14

Altars:
Ashenzari
Cheibriados
Dithmenos
Elyvilon
Fedhas
Gozag
Hepliaklqana
Kikubaaqudgha
Makhleb
Nemelex Xobeh
Okawaru
Qazlal
Ru
Sif Muna
Trog
Uskayaw
Vehumet
Wu Jian
Xom
Yredelemnul
Zin
The Shining One

Shops:
D:2 [   D:10 :

Annotations:
D:7 3 runed translucent doors
D:13 2 transporters, exclusion: obsidian statue


Innate Abilities, Weirdness & Mutations

You are too large for most types of armour.
You have tough skin. (AC +1)


Message History

The tengu warrior is almost dead.
The tengu warrior is almost dead.
The tengu warrior hits you with a +0 war axe!
* * * LOW HITPOINT WARNING * * *
The tengu warrior blocks your attack.
The tengu warrior is almost dead.
The tengu warrior hits you with a +0 war axe.
* * * LOW HITPOINT WARNING * * *
The tengu warrior blocks your attack.
The tengu warrior is almost dead.
The tengu warrior is almost dead.
The tengu warrior pecks you.
* * * LOW HITPOINT WARNING * * *
The tengu warrior claws you.
* * * LOW HITPOINT WARNING * * *
The tengu warrior hits you with a +0 bardiche.
* * * LOW HITPOINT WARNING * * *
The tengu warrior claws you.
* * * LOW HITPOINT WARNING * * *
You sock the tengu warrior!
The tengu warrior is almost dead.
The tengu warrior blocks your attack.
The tengu warrior is almost dead.
The tengu warrior hits you with a +0 bardiche!
* * * LOW HITPOINT WARNING * * *
You bludgeon the tengu warrior!!
You kill the tengu warrior!
Okawaru accepts your kill.
Your Maces & Flails skill increases to level 13!
You are no longer berserk.
You are exhausted.
You feel yourself slow down.
The tengu warrior hits you with a +0 bardiche.
* * * LOW HITPOINT WARNING * * *
The tengu warrior claws you.
* * * LOW HITPOINT WARNING * * *
The tengu warrior hits you with a +0 bardiche!
* * * LOW HITPOINT WARNING * * *
The tengu warrior hits you with a +0 bardiche!
You die...

#......## ### #.## #.......#
##.######..# #.......#####
#....#.#...# #.......#...#
#.........## ##......#...#
#..........## ##.........#
###.....#...## ####........#
####...##....####
##...........###.).........##..##
#....#.......##Q@..©....###.#...#
###..............#####..#.#....##
#..........>...##9©.##..........
##.............##$###.##.........
.##...........##..≈$..≈##........
.............##8....$..8##.......
............## ≈#$###.#≈.##......
...........##. ≈.##)##. .##.....
........#..#.#..## .#.#.....


You could see a tengu warrior and a gargoyle.

Vanquished Creatures
  The ghost of Heedrag the Grappler, a novice TrBe of Trog (D:10)
  A tengu warrior (D:13)
  3 death yaks (D:10)
  The ghost of haldagan the Zephyrmancer, a novice TeAE of Cheibriados (D:10)
  A gargoyle (D:10)
  A kobold demonologist (D:10)
  A troll (D:11)
  8 yaks (D:9)
  5 humans
  4 water moccasins
  An orc warrior (D:9)
  An ice beast (D:6)
  5 centaurs
  An ogre (D:5)
  3 phantoms
  5 kobold brigands (D:5)
  2 necrophages (D:5)
  4 scorpions
  2 bullfrogs
  A gnoll sergeant (D:6)
  6 wights
  10 killer bees
  An electric eel (D:10)
  3 hounds
  3 jellies
  2 orc priests
  Jessica (D:2)
  4 iguanas
  5 orc wizards (D:6)
  3 hell rats (D:10)
  14 gnolls
  5 adders
  2 river rats (D:10)
  4 white imps
  2 ufetubi
  2 worms (D:2)
  2 dart slugs (D:1)
  11 orcs
  10 endoplasms
  2 giant cockroaches
  10 hobgoblins
  4 jackals (D:1)
  3 quokkas
  8 ball pythons
  9 bats
  2 frilled lizards
  13 goblins
  46 kobolds
  10 rats
248 creatures vanquished.

Vanquished Creatures (others)
  5 withered plants (D:10)
5 creatures vanquished.

Grand Total: 253 creatures vanquished

Notes
Turn   | Place    | Note
-------+----------+-------------------------------------------
     0 | D:1      | Infinimo the Ogre Gladiator began the quest for the Orb.
     0 | D:1      | Reached XP level 1. HP: 22/22 MP: 1/1
   236 | D:1      | Reached skill level 3 in Maces & Flails
   271 | D:1      | Reached XP level 2. HP: 28/31 MP: 2/2
   564 | D:1      | Found a faded altar of an unknown god.
   648 | D:1      | Reached XP level 3. HP: 36/37 MP: 3/3
  1090 | D:2      | Noticed Jessica
  1094 | D:2      | Killed Jessica
  1095 | D:2      | Reached XP level 4. HP: 40/48 MP: 4/4
  1201 | D:2      | Reached skill level 4 in Maces & Flails
  1866 | D:2      | Found Duge's Antique Armour Shop.
  2312 | D:2      | Reached XP level 5. HP: 43/55 MP: 5/5
  3276 | D:3      | Found a hide-covered altar of Uskayaw.
  3437 | D:4      | Noticed a phantom
  3451 | D:4      | Killed a phantom
  3452 | D:4      | Reached skill level 5 in Fighting
  3452 | D:4      | Reached skill level 5 in Maces & Flails
  3452 | D:4      | Reached XP level 6. HP: 30/66 MP: 6/6
  4277 | D:4      | Found an ornate altar of the Wu Jian Council.
  4500 | D:5      | Entered Level 5 of the Dungeon
  4526 | D:5      | Reached skill level 6 in Maces & Flails
  4526 | D:5      | Reached XP level 7. HP: 74/74 MP: 7/7
  5650 | D:5      | Reached skill level 7 in Maces & Flails
  6190 | D:5      | Reached XP level 8. HP: 70/87 MP: 8/8
  7144 | D:5      | Reached skill level 8 in Maces & Flails
  8071 | D:6      | Found a staircase to the Ecumenical Temple.
  8187 | Temple   | Entered the Ecumenical Temple
  8238 | Temple   | Became a worshipper of Warmaster Okawaru
  8470 | D:6      | Found a white marble altar of Elyvilon.
  8501 | D:6      | Found a blossoming altar of Fedhas.
  8533 | D:6      | Reached XP level 9. HP: 89/97 MP: 9/9
  8859 | D:6      | Reached skill level 9 in Maces & Flails
  9449 | D:6      | Reached * piety under Okawaru
  9801 | D:6      | Found a burning altar of Makhleb.
 10593 | D:7      | Found a runed translucent door.
 10596 | D:7      | Noticed a six-headed hydra
 10804 | D:7      | Reached skill level 10 in Maces & Flails
 10949 | D:7      | Reached skill level 10 in Fighting
 11057 | D:7      | Noticed a manticore
 11120 | D:6      | HP: 3/101 [killer bee (7)]
 11605 | D:6      | Reached ** piety under Okawaru
 11607 | D:6      | Reached XP level 10. HP: 31/111 MP: 10/10
 11615 | D:6      | HP: 5/111 [killer bee (3)]
 12210 | D:7      | Noticed a centaur warrior
 12211 | D:7      | Noticed a gargoyle
 12212 | D:7      | Found a runed translucent door.
 12212 | D:7      | Found a runed translucent door.
 12240 | D:7      | Identified a scroll of acquirement
 12240 | D:7      | Acquired the +10 storm dragon scales of Nemelex Xobeh's
                  | Favour {rElec rC+}
 12333 | D:8      | Reached skill level 11 in Maces & Flails
 12334 | D:8      | Found a radiant altar of Vehumet.
 12348 | D:8      | Identified the +6 whip "Bizahin" {flame, Fly Dex+4}
 13048 | D:9      | Found a glowing golden altar of the Shining One.
 13244 | D:9      | Reached skill level 1 in Armour
 13374 | D:9      | Found a staircase to the Orcish Mines.
 13387 | D:9      | Reached *** piety under Okawaru
 13885 | D:10     | Entered Level 10 of the Dungeon
 13961 | D:10     | Noticed a death yak
 14380 | D:10     | Noticed a gargoyle
 14391 | D:10     | Killed a gargoyle
 14392 | D:10     | Reached skill level 12 in Maces & Flails
 14538 | D:10     | Noticed a death yak
 14539 | D:10     | Found a staircase to the Lair.
 14540 | D:10     | Noticed a death yak
 14546 | D:10     | Killed a death yak
 14546 | D:10     | Reached **** piety under Okawaru
 14546 | D:10     | Received a gift from Okawaru
 14547 | D:10     | Reached XP level 11. HP: 122/123 MP: 11/11
 14553 | D:10     | Killed a death yak
 14560 | D:10     | Killed a death yak
 14560 | D:10     | Reached ***** piety under Okawaru
 14711 | D:10     | Found a runed translucent gate.
 14712 | D:10     | Found a runed translucent gate.
 14713 | D:10     | Found a runed translucent gate.
 14714 | D:10     | Noticed haldagan's ghost (novice TeAE)
 14715 | D:10     | Noticed Heedrag's ghost (novice TrBe)
 14804 | D:10     | Found an opulent altar of Gozag.
 14805 | D:10     | Found a bloodstained altar of Trog.
 15051 | D:10     | Found Fuov's Book Emporium.
 15414 | D:10     | Killed haldagan's ghost
 15433 | D:10     | Killed Heedrag's ghost
 15433 | D:10     | Received a gift from Okawaru
 15959 | D:11     | You fall into a shaft and drop 2 floors!
 16003 | D:13     | Noticed an obsidian statue
 16008 | D:13     | Found a transporter.
 16009 | D:13     | Found a transporter.
 16023 | D:13     | Noticed a four-headed hydra
 16066 | D:13     | Noticed a tengu warrior
 16068 | D:13     | Noticed a tengu warrior
 16110 | D:13     | Killed a tengu warrior
 16111 | D:13     | Reached skill level 13 in Maces & Flails
 16115 | D:13     | HP: 1/126 [tengu warrior/+0 bardiche (7)]
 16116 | D:13     | Mangled by a tengu warrior

Illustrated notes

Levels and vault maps discovered:
D:1:      dpeg_arrival_simpleton_c, layout_loops_ring, basic_ecumenical_altar
D:2:      layout_basic, serial_shops, nicolae_square_shop,
          minmay_joined_circles, uniq_jessica
D:3:      layout_basic, mainiacjoe_overflow_brackets, st_stairs_6
D:4:      layout_basic, mainiacjoe_overflow_alcove_2
D:5:      minmay_goblin_kobold_castle, layout_basic
D:6:      layout_gridville, old_standard_altar, lemuel_tele_altar,
          nicolae_elyvilon_peaceful_grove, minmay_temple_entry_offerings
D:7:      minmay_the_grid_triangle_9x9_recursive_2
          [minmay_the_grid_triangle_9x9_prize_center,
          minmay_the_grid_triangle_9x9_wacky_v,
          minmay_the_grid_triangle_9x9_thin_v,
          minmay_the_grid_triangle_9x9_fully_insulated_deathbox], layout_rooms,
          minmay_ruffians
D:8:      layout_basic, mainiacjoe_overflow_alcove_4
D:9:      layout_loops_ring, kennysheep_little_box, orc_0_dummy
D:10:     layout_loops_ring, nicolae_overflow_squiral, dpeg_lair_monsters,
          gammafunk_ghost_cemetery, serial_shops, shop,
          chequers_serial_rivers_micro_b
D:11:     layout_grid_maze, serial_undead, serial_undead_e, serial_undead_d,
          serial_undead_a, serial_undead_f, serial_undead_f, serial_undead_b,
          gammafunk_ghost_necromancy, nicolae_sif_muna_little_library,
          uniq_sonja
D:13:     layout_cave_pools, david_vaults_2, nzn_ghost_randoct, uniq_josephine
Temple:   cyrus_circular_temple

Skill      XL: |  1  2  3  4  5  6  7  8  9 10 11 |
---------------+----------------------------------+-----
Fighting       | 3 4 5 7 8 10 12 | 12.9
Maces & Flails | 3 4 5 6 7 8 10 12 13 | 13.0
Armour         | 3 4 |  4.2
Throwing       | |  2.0
Dodging        | |  2.6

Action                   |  1- 3 |  4- 6 |  7- 9 | 10-12 || total
-------------------------+-------+-------+-------+-------++-------
Melee: Flail             |    83 |   203 |    16 |       ||   302
       Punch             |       |     2 |       |       ||     2
       Giant club        |       |       |   403 |   254 ||   657
  Use: Scroll            |       |       |    17 |     3 ||    20
       Potion            |       |       |     3 |     4 ||     7
 Stab: Sleeping          |     1 |       |       |       ||     1
Armor: Robe              |    30 |    66 |   210 |     4 ||   310
       Storm dragon scal |       |       |       |   292 ||   292
Dodge: Dodged            |    43 |   110 |   273 |    85 ||   511

Table legend: (Time is in decaauts)
 A = Elapsed time spent in this place.
 B = Non-inter-level travel time spent in this place.
 C = Inter-level travel time spent in this place.
 D = Time resting spent in this place.
 E = Time spent auto-exploring this place.
 F = Levels seen in this place.
 G = Mean time per level.
                   A        B        C        D        E       F      G
               +--------+--------+--------+--------+--------+-----+--------+
         Total |  16251 |  15917 |    334 |   1628 |  12387 |  13 | 1250.1 |
       Dungeon |  16184 |  15865 |    319 |   1628 |  12353 |  12 | 1348.7 |
        Temple |     66 |     51 |     15 |      0 |     34 |   1 |   66.0 |
               +--------+--------+--------+--------+--------+-----+--------+

Top non-repeatable levels by time:
     D:5: 3447 daAuts
     D:6: 3287 daAuts
     D:2: 1641 daAuts
    D:10: 1570 daAuts
     D:9: 1179 daAuts
     D:4: 1134 daAuts
     D:1: 1108 daAuts
     D:7: 1075 daAuts
     D:8: 717 daAuts
     D:3: 670 daAuts
    D:11: 202 daAuts
    D:13: 150 daAuts
  Temple: 66 daAuts
